 Dungeon Crawl Stone Soup version 0.23-a0-629-gae4348f (webtiles) character file.

756 Darkshadow the Cudgeler (level 7, -4/62 HPs)
             Began as a Minotaur Berserker on Dec 26, 2018.
             Was a Priest of Trog.
             Killed from afar by an orc wizard (8 damage)
             ... with a magic dart
             ... while paralysed
             ... on level 4 of the Dungeon.
             The game lasted 00:09:58 (3561 turns).

Darkshadow the Cudgeler (Minotaur Berserker)        Turns: 3561, Time: 00:09:59

Health: -4/62      AC: 11    Str: 22    XL:     7   Next: 50%
Magic:  6/6        EV:  2    Int:  4    God:    Trog [***...]
Gold:   200        SH:  0    Dex: 11    Spells: 6/6 levels left

rFire    . . .     SeeInvis .   a - +4 mace
rCold    . . .     Gourm    .   (no shield)
rNeg     . . .     Faith    .   y - +0 chain mail
rPois    .         Spirit   .   (helmet restricted)
rElec    .         Reflect  .   (no cloak)
rCorr    .         Harm     .   v - +0 pair of gloves (curse)
MR       .....                  (no boots)
Stlth    ..........             (no amulet)
HPRegen  0.20/turn              (no ring)
MPRegen  0.10/turn              (no ring)

@: paralysed, berserk cooldown, slowed
A: retaliatory headbutt, horns 2
a: Berserk, Trog's Hand, Renounce Religion


You were on level 4 of the Dungeon.
You worshipped Trog.
Trog was most pleased with you.
You were very hungry.

You visited 1 branch of the dungeon, and saw 4 of its levels.
You also visited: Sewer.

You collected 200 gold pieces.

Inventory:

Hand Weapons
 a - a +4 mace (weapon)
 k - a +0 mace
Missiles
 d - 176 stones (quivered)
Armour
 b - a +0 animal skin
 v - a cursed +0 pair of gloves (worn)
 y - a +0 chain mail (worn)
Jewellery
 m - an uncursed ring of ice {unknown}
 x - an uncursed amulet of magic regeneration {unknown}
 A - an uncursed ring of fire {unknown}
Wands
 s - a wand of paralysis (5)
 z - a wand of digging (3)
Scrolls
 e - 2 scrolls of random uselessness
 f - 2 scrolls of amnesia
 g - 2 scrolls of remove curse {unknown}
 h - a scroll of fog {unknown}
 l - 2 scrolls of identify {unknown}
 o - 3 scrolls of teleportation
 r - 2 scrolls of enchant weapon
 C - a scroll of blinking {unknown}
Potions
 i - a potion of cancellation {unknown}
 j - a potion of agility {unknown}
 n - a potion of might {unknown}
 q - a potion of invisibility {unknown}
 t - a potion of flight {unknown}
 u - a potion of mutation {unknown}
 w - a potion of magic {unknown}
Comestibles
 c - 10 rations
 B - 2 chunks of flesh


   Skills:
 + Level 5.7 Fighting
 * Level 7.2 Maces & Flails
 + Level 5.0 Armour
 + Level 4.6 Dodging


You had 6 spell levels left.
You didn't know any spells.
Your spell library was empty.

Dungeon Overview and Level Annotations

Branches:
Dungeon (4/15)             Temple (0/1) D:4

Altars:
Ru
Zin


Innate Abilities, Weirdness & Mutations

You reflexively headbutt those who attack you in melee.
You have a pair of horns on your head.


Message History

The orc wizard is severely wounded.
The orc wizard points at you and mumbles some strange words.
The magic dart hits you!
* * * LOW HITPOINT WARNING * * *
Something hits you but does no damage.
You barely miss the orc wizard. You headbutt the orc wizard.
You kill the orc wizard!
Trog accepts your kill.
Trog appreciates your killing of a magic user.
You hear some strange, mumbled words.
Something tries to affect you, but you resist.
You hit something. You headbutt something.
You are no longer berserk.
You pass out from exhaustion.
You feel as though you will be slow longer.
Something hits you but does no damage.
You hear some strange, mumbled words.
A magic dart appears from out of thin air!
The magic dart hits you!
You die...

###.........$.....#.#.........
#.................#........†..
#.......#..........>.#......##
#.............##...##.......#
#..........................<#
#.....###........#.....#.....
##....##....)[...#.....##....
###..(........)##......#.#....
#........#..{@)#..#...........
###......#..).....#....#.#.#..
####...............#.._.....
#...........)...#<#.#....
#####..........##........
#...##......#........
##..........##.......
##..o..##...........
#...)o....###......


There were no monsters in sight!

Vanquished Creatures
  Sigmund (D:2)
  Purgy (Sewer)
  An ogre (D:4)
  A scorpion (D:3)
  A hound (D:4)
  3 orc priests (D:4)
  An orc wizard (D:4)
  2 worker ants (D:4)
  A river rat (D:3)
  8 adders
  An ooze (D:3)
  2 worms
  2 dart slugs (D:1)
  6 orcs
  2 ball pythons
  3 giant cockroaches
  5 goblins
  5 hobgoblins
  14 jackals
  10 kobolds
  2 quokkas
  15 bats
  5 frilled lizards
  A leopard gecko skeleton (D:4)
  5 rats
98 creatures vanquished.

Notes
Turn   | Place    | Note
-------+----------+-------------------------------------------
     0 | D:1      | Darkshadow the Minotaur Berserker began the quest for the
                  | Orb.
     0 | D:1      | Reached XP level 1. HP: 19/19 MP: 0/0
   287 | D:1      | Reached XP level 2. HP: 25/27 MP: 1/1
   483 | D:1      | Reached skill level 4 in Maces & Flails
   980 | D:1      | Reached ** piety under Trog
  1062 | D:2      | Reached XP level 3. HP: 25/33 MP: 2/2
  1495 | D:2      | Noticed Sigmund
  1514 | D:2      | Killed Sigmund
  1514 | D:2      | Reached skill level 5 in Maces & Flails
  1514 | D:2      | Reached XP level 4. HP: 41/41 MP: 3/3
  1514 | D:2      | Reached XP level 5. HP: 47/47 MP: 4/4
  1912 | D:3      | Found a glowing drain.
  1932 | Sewer    | Entered a sewer
  2226 | Sewer    | Noticed Purgy
  2235 | Sewer    | Killed Purgy
  2235 | Sewer    | Reached skill level 5 in Fighting
  2235 | Sewer    | Reached skill level 6 in Maces & Flails
  2235 | Sewer    | Reached XP level 6. HP: 56/56 MP: 5/5
  2607 | D:3      | Reached *** piety under Trog
  2813 | D:3      | Found a glowing silver altar of Zin.
  2969 | D:4      | Found a sacrificial altar of Ru.
  3374 | D:4      | Found a staircase to the Ecumenical Temple.
  3450 | D:4      | Reached XP level 7. HP: 61/61 MP: 6/6
  3551 | D:4      | Reached skill level 7 in Maces & Flails
  3555 | D:4      | Reached skill level 5 in Armour
  3561 | D:4      | Killed from afar by an orc wizard

Vault maps used:
D:1:      eino_arrival_water_star, minmay_tripent
D:2:      uniq_sigmund
D:3:      zin_scriptorium, cheibrodos_sewer_entry_sluice, serial_rivers,
          chequers_serial_rivers_micro_e, chequers_serial_rivers_large_a,
          chequers_serial_rivers_room_a, chequers_serial_rivers_room_b
D:4:      nicolae_overflow_hidden_temple, lemuel_crystal_altar,
          minmay_temple_entry_slanted, first_ration
Sewer:    sewer_the_crocodile

Skill      XL: |  1  2  3  4  5  6  7 |
---------------+----------------------+-----
Maces & Flails | 4 5 6 7 |  7.2
Fighting       | 4 5 |  5.7
Armour         | 3 4 5 |  5.0
Dodging        | 3 4 |  4.6

Action                   |  1- 3 |  4- 6 |  7- 9 || total
-------------------------+-------+-------+-------++-------
Melee: Mace              |    73 |    79 |    24 ||   176
       Headbutt          |    12 |     8 |     6 ||    26
Throw: Stone             |     5 |     7 |       ||    12
Invok: Berserk           |     1 |     3 |     2 ||     6
       Trog's Hand       |     1 |       |       ||     1
  Use: Scroll            |       |     4 |     1 ||     5
       Potion            |       |       |     2 ||     2
 Stab: Sleeping          |     1 |     1 |       ||     2
  Eat: Chunk             |     2 |    10 |     1 ||    13
Armor: Animal skin       |    16 |     4 |       ||    20
       Chain mail        |       |    14 |    19 ||    33
Dodge: Dodged            |    69 |    42 |    17 ||   128

Table legend:
 A = Non-vault XP
 B = Vault XP
 C = Vault XP percentage of total XP
 D = Non-vault monster count
 E = Vault monster count
 F = Vault count percentage of total count
                 A         B        C        D         E       F
            +---------+---------+-------+---------+---------+-------
      Total |     691 |     389 |  36.0 |      85 |      13 |  13.3
            +---------+---------+-------+---------+---------+-------
        D:1 |      35 |       2 |   5.4 |      20 |       2 |   9.1
        D:2 |      56 |     227 |  80.2 |      18 |       1 |   5.3
        D:3 |     163 |      19 |  10.4 |      26 |       4 |  13.3
        D:4 |     437 |       0 |   0.0 |      21 |       0 |   0.0
      Sewer |       0 |     141 | 100.0 |       0 |       6 | 100.0
            +---------+---------+-------+---------+---------+-------
